Unix NetHack Version 3.7.0-94 Work-in-progress - last build Dec 18 2023 00:11:04 (7e3deff068b9ef4f2ebb9a71ea0f5c4a3b578a14,branch:master). Game began 2024-01-01 16:05:50, ended 2024-01-01 16:24:13. Arasaka, chaotic female orcish Rogue ----- ------ |...| |.....### -------------- |...-## |....| |..........>.| |...| |.....# ----------- ##########-............| |.`.-###0 -.----# ..........| # -------------- ---|- ##### ## |........).## ## # # |........*| ######### # |........).# ### # ---------|- # # # # ## # # # # ###### ## # ### ## #*############ --|--- # # ## -.-|-.------- #.....| --------|---|--- #% ####............|####|....| |....<..+......| ## ------ #######0|...........|# -..).| |..............| * |..0..#### |...........|# |....| |..............| # |....| ###-.(.........|####+....| |....).........| #@q.*...######### |............# |....| ---------------- ------ -------------# ------ Arasaka the Rogue St:16 Dx:16 Co:16 In:10 Wi:10 Ch:9 Chaotic Dlvl:3 $:43 HP:0(46) Pw:20(20) AC:6 Xp:6/458 T:5268 Latest messages: You are beginning to feel hungry. Where do you want to travel to? (For instructions type a '?') You hit the shrieker. You miss the shrieker. The shrieker shrieks. You hit the shrieker. You hit the shrieker. You kill the shrieker! There is an altar to Kos (chaotic) here. You see here 7 rocks. What do you want to eat? [hJ or ?*] This food really hits the spot! You finish eating the food ration. What do you want to use or apply? [epyzIO or ?*] A rothe suddenly appears close by! A rothe suddenly appears close by! A rothe suddenly appears close by! A rothe suddenly appears next to you! You miss the rothe. The rothe hits! The rothe bites! The rothe bites again! The rothe hits! The rothe bites! The rothe bites again! You hit the rothe. The rothe hits! The rothe bites! The rothe bites again! The rothe hits! The rothe bites! The rothe just misses! You hit the rothe! The rothe hits! The rothe bites! The rothe bites again! You hit the rothe! You miss the rothe. You kill the rothe! You hit the rothe. The rothe hits! The rothe bites! The rothe bites again! You kill the rothe! You hit the rothe! The rothe hits! The rothe bites! The rothe bites again! You die... Inventory: Coins ('$') $ - 43 gold pieces Weapons (')') b - 12 uncursed +0 orcish daggers (at the ready) a - a blessed +1 orcish short sword (weapon in right hand) Armor ('[') m - a blessed +1 Hawaiian shirt with a giant eel motif (being worn) c - a blessed +1 leather armor (being worn) Comestibles ('%') h - an uncursed fortune cookie Scrolls ('?') x - an uncursed scroll of enchant weapon Potions ('!') N - 2 uncursed potions of healing Rings ('=') o - a cursed -2 ring of adornment Wands ('/') I - an uncursed wand of cold (0:6) y - an uncursed wand of magic missile (0:7) p - an uncursed wand of sleep (0:5) Tools ('(') z - an uncursed sack containing 1 item O - an uncursed bag of tricks (0:7) e - an uncursed lock pick Gems/Stones ('*') j - an uncursed worthless piece of yellowish brown glass Contents of the sack: 26 gold pieces Arasaka the Rogue's attributes: Background: You were a Rogue, level 6 female orc. You were chaotic, on a mission for Kos who was opposed by Issek (lawful) and Mog (neutral). You were right-handed. You were in the Dungeons of Doom, on level 3. You entered the dungeon 5268 turns ago. You had 458 experience points, 182 more were needed to attain level 7. Basics: You had 0 out of 46 hit points. You had all 20 energy points (spell power). Your armor class was 6. Your wallet contained 43 zorkmids, and you had 26 more stashed away in your pack. Autopickup was on for '$"?' plus thrown, with exceptions. Final Characteristics: Your strength was 16 (limit:18/50). Your dexterity was 16 (peak:17, limit:18). Your constitution was 16 (limit:18). Your intelligence was 10 (limit:16). Your wisdom was 10 (limit:16). Your charisma was 9 (limit:16). Final Status: You weren't hungry. You were unencumbered. You were wielding a short sword. You had basic skill with short sword and could have enhanced that. Final Attributes: You were piously aligned. You were poison resistant. You were telepathic. You had infravision. You were stealthy. You were warded. You were lucky. You are dead. Miscellaneous: You disabled loading of bones levels. Total elapsed playing time was 18 minutes and 22 seconds. Major events: Turn 1: Arasaka the chaotic female orcish Rogue entered the dungeon 1185: attained the rank of Cutpurse (level 3) 1647: entered the Gnomish Mines 4976: attained the rank of Rogue (level 6) 5268: killed by a rothe Vanquished creatures: a small mimic a leprechaun a dust vortex a pony a fog cloud 2 yellow lights 3 shriekers a gnomish wizard a kobold mummy a gray ooze an elf zombie 2 floating eyes a kitten a homunculus a kobold leader 2 rothes a rabid rat 3 giant bats a wererat an iguana a killer bee an acid blob 2 gas spores a hobbit a hobgoblin a giant rat 5 cave spiders a brown mold a green mold a red mold 3 gnomes 4 garter snakes a gnome zombie 3 geckos 4 jackals 3 foxes a goblin 8 sewer rats 6 grid bugs 4 lichens a kobold zombie 14 newts 94 creatures vanquished. No species were genocided or became extinct. Voluntary challenges: You read items or engraved 11 times. You never engraved Elbereth. You never genocided any monsters. You never polymorphed an object. You never changed form. You used no wishes. Achievements: You attained the rank of Cutpurse. You entered a shop. You entered the Gnomish Mines. You attained the rank of Rogue. The Dungeons of Doom: levels 1 to 8 Level 1: An altar, many fountains. Level 2: Level 3: "v" <- You were here. An altar to Kos. Final resting place for you, killed by a rothe. Level 4: A general store. Stairs down to The Gnomish Mines. Level 5: A weapon shop, a grave. Level 6: A general store, a fountain. Level 7: "s" An armor shop. Level 8: The Gnomish Mines: Level 5: Game over: ---------- / \ / REST \ / IN \ / PEACE \ / \ | Arasaka | | 69 Au | | killed by a | | rothe | | | | | | 2024 | *| * * * | * _________)/\\_//(\/(/\)/\//\/|_)_______ Goodbye Arasaka the Rogue... You died in The Dungeons of Doom on dungeon level 3 with 2285 points, and 69 pieces of gold, after 5268 moves. You were level 6 with a maximum of 46 hit points when you died.